Map: Odyssey LE

Players

anarchy - Winner!

  • Race: Protoss Protoss
  • League: Diamond
  • Spawn Location: 5:00

Yata

  • Race: Zerg Zerg
  • League: Platinum
  • Spawn Location: 11:00

VOD

Have the link to the VOD?

Description

Time

  • Played on: Sept. 14, 2017, 10:02 p.m.
  • Length: 14:28
Show
View Real Time Build Order
Export as new Build Order

anarchy Protoss - Winner!

Build Orders: 1 Gate Expand 

Get SALT Encoding   

  12  0:01  Probe (Chrono Boost)  
  13  0:11  Probe (Chrono Boost)  
  14  0:19  Pylon  
  14  0:22  Probe (Chrono Boost)  
  15  0:37  Probe (Chrono Boost)  
  15  0:40  Gateway  
  16  0:48  Probe (Chrono Boost)  
  17  0:51  Assimilator  
  17  0:59  Probe (Chrono Boost)  
  18  1:07  Gateway  
  18  1:10  Probe (Chrono Boost)  
  19  1:28  Cybernetics Core  
  19  1:42  Nexus  
  19  1:55  Pylon  
  19  2:04  Adept  
  21  2:08  Adept  
  21  2:13  Assimilator, Probe (Chrono Boost)  
  24  2:25  Probe (Chrono Boost)  
  25  2:31  Adept  
  27  2:37  Adept  
  27  2:39  Probe (Chrono Boost)  
  30  2:50  Probe (Chrono Boost)  
  30  2:53  Warp Gate  
  30  2:54  Probe (Chrono Boost)  
  31  3:01  Probe (Chrono Boost)  
  31  3:03  Adept  
  34  3:11  Probe x2 (Chrono Boost)  
  36  3:30  Adept, Probe x2 (Chrono Boost)  
  36  3:32  Adept  
  42  3:37  Pylon  
  42  3:41  Pylon, Twilight Council  
  42  3:45  Probe x2 (Chrono Boost)  
  42  3:55  Probe x2 (Chrono Boost)  
  42  4:03  Adept  
  42  4:04  Adept  
  42  4:06  Probe x2 (Chrono Boost)  
  48  4:11  Resonating Glaives (Chrono Boost)  
  48  4:13  Stargate  
  48  4:15  Probe (Chrono Boost)  
  48  4:17  Probe (Chrono Boost)  
  50  4:21  Assimilator  
  50  4:23  Assimilator  
  50  4:25  Probe  
  50  4:28  Probe  
  52  4:36  Probe  
  53  4:41  Probe  
  54  4:47  Probe  
  55  4:53  Probe  
  55  4:57  Gateway  
  55  4:59  Oracle (Chrono Boost), Probe  
  57  5:01  Gateway  
  57  5:04  Pylon  
  60  5:08  Pylon  
  60  5:09  Probe  
  60  5:11  Probe  
  62  5:17  Robotics Facility  
  62  5:18  Forge  
  62  5:22  Probe  
  62  5:23  Probe  
  64  5:40  Mothership Core  
  64  5:41  Nexus  
  66  5:44  Pylon  
  65  5:51  Probe  
  66  6:01  Probe  
  66  6:04  Probe  
  68  6:06  Protoss Ground Weapons Level 1, Warp Prism (Chrono Boost)  
  68  6:11  Templar Archives  
  70  6:13  Probe  
  70  6:16  Probe  
  72  6:24  Adept x3  
  72  6:25  Adept, Probe  
  79  6:31  Probe  
  78  6:37  Probe  
  78  6:39  Immortal (Chrono Boost)  
  79  6:43  Psionic Storm, Probe  
  80  6:47  Pylon  
  80  6:49  Pylon, Sentry x2, Probe  
  85  6:55  Pylon  
  85  6:56  Pylon, Oracle  
  88  7:04  Probe  
  88  7:06  Probe x2  
  91  7:09  High Templar, Assimilator  
  91  7:12  Assimilator  
  91  7:14  Gateway  
  93  7:19  Gateway  
  93  7:28  Zealot x3  
  96  7:30  Probe  
  96  7:31  Probe x2  
  99  7:43  Gateway  
  99  7:44  Gateway  
  99  7:46  Probe  
  99  7:47  Probe x2  
  102  7:53  Adept  
  102  7:54  Adept x3  
  110  8:01  Immortal  
  110  8:04  Probe  
  115  8:05  Probe x2  
  114  8:26  High Templar x4  
  117  8:28  Zealot  
  117  8:29  Zealot  
  117  8:33  Nexus  
  121  8:35  Dark Shrine  
  121  8:37  Pylon, Phoenix  
  121  8:38  Protoss Ground Weapons Level 2  
  121  8:40  Pylon  
  123  8:42  Immortal  
  127  8:49  Probe  
  127  8:50  Probe  
  127  8:51  Probe  
  130  8:57  Pylon  
  130  9:00  Pylon  
  126  9:07  Zealot x6  
  126  9:08  Zealot  
  136  9:12  Probe  
  136  9:13  Probe x2  
  139  9:22  Zealot, Probe  
  141  9:25  Immortal, Probe x2  
  141  9:30  Sentry x4  
  141  9:31  Sentry  
  158  9:33  Zealot  
  158  9:34  Zealot  
  160  9:39  Probe  
  160  9:40  Probe x2  
  163  9:47  Photon Cannon  
  163  9:48  Photon Cannon  
  163  9:51  Dark Templar  
  161  9:55  Dark Templar x3  
  159  10:08  Immortal  
  163  10:17  Probe  
  163  10:18  Probe x2  
  163  10:20  Assimilator  
  166  10:25  Pylon  
  166  10:26  Zealot  
  166  10:27  Zealot x3  
  174  10:29  Sentry x2  
  174  10:32  High Templar  
  180  10:36  Pylon, Nexus  
  180  10:38  Pylon  
  180  10:39  Pylon  
  180  10:41  Pylon  
  180  10:42  Pylon  
  178  10:45  Pylon  
  178  10:47  Warp Prism  
  178  10:48  High Templar  
  178  10:49  High Templar x2  
  186  10:52  Adept  
  188  10:58  Dark Templar x3  
  188  11:03  Archon x2  
  193  11:15  Charge  
  184  11:41  Zealot x3  
  184  11:42  Zealot x3  
  194  11:49  Pylon  
  175  12:17  Nexus  
  175  12:20  Pylon  
  175  12:23  Pylon  
  175  12:26  Dark Templar x2  
  175  12:27  Dark Templar  
  175  12:29  Pylon  
  181  12:34  Pylon  
  181  12:36  Stalker x5  
  191  13:11  Robotics Facility  
  191  13:12  Robotics Facility  
  185  13:22  Dark Templar x2  
  185  13:23  Dark Templar x3  
  185  13:26  Zealot  
  191  13:27  Zealot x2  
  191  13:32  Probe x2  
  191  13:33  Probe x2  
  199  13:38  Assimilator  
  199  13:43  Assimilator  
  199  13:45  Photon Cannon  
  199  13:47  Photon Cannon  
  199  13:48  Photon Cannon  
  199  14:08  Dark Templar  
  199  14:09  Dark Templar  
  187  14:22  Archon  
  187  14:23  Archon  
Show
View Real Time Build Order
Export as new Build Order

Yata Zerg 

Build Orders: Hatch First 

Get SALT Encoding   

  12  0:01  Drone  
  13  0:13  Overlord  
  13  0:18  Drone  
  14  0:31  Drone  
  14  0:32  Drone  
  14  0:35  Drone  
  17  0:55  Hatchery  
  16  0:59  Drone x2  
  18  1:13  Extractor  
  17  1:18  Spawning Pool  
  17  1:20  Drone  
  17  1:22  Drone  
  18  1:29  Drone  
  19  1:40  Overlord  
  19  1:58  Drone  
  20  2:03  Drone  
  20  2:06  Queen  
  20  2:07  Queen  
  25  2:12  Zergling x4  
  27  2:16  Metabolic Boost  
  27  2:24  Drone  
  27  2:25  Drone  
  29  2:41  Drone  
  29  2:42  Drone x2  
  32  2:49  Baneling Nest  
  31  2:51  Evolution Chamber  
  31  2:52  Drone x2  
  31  2:56  Drone  
  32  3:14  Zergling x6  
  33  3:21  Zerg Melee Weapons Level 1  
  29  3:32  Drone x5  
  29  3:33  Drone x2  
  34  3:49  Drone x2  
  34  3:52  Overlord x2  
  36  3:56  Lair  
  36  3:58  Extractor  
  36  4:01  Extractor  
  34  4:05  Extractor  
  33  4:13  Zergling x6  
  33  4:14  Hatchery  
  35  4:19  Queen  
  35  4:22  Drone  
  36  5:02  Drone x8  
  44  5:08  Centrifical Hooks  
  44  5:13  Hydralisk Den  
  43  5:15  Zergling x2  
  43  5:16  Zergling x12  
  50  5:27  Drone x5  
  55  5:34  Zerg Missile Weapons Level 1  
  54  5:56  Hydralisk  
  53  6:02  Overlord x3  
  57  6:12  Spore Crawler  
  57  6:17  Hydralisk  
  57  6:18  Hydralisk  
  53  6:19  Hydralisk x5  
  53  6:23  Overlord  
  59  6:35  Hydralisk x3  
  59  6:39  Queen  
  64  6:45  Spore Crawler  
  64  6:46  Spore Crawler  
  64  6:48  Zergling x2  
  64  6:49  Drone  
  64  6:50  Drone  
  67  7:01  Zergling x10  
  72  7:25  Hatchery  
  72  7:26  Zergling x12  
  77  7:43  Drone x8  
  85  7:56  Zerg Missile Weapons Level 2  
  85  8:00  Muscular Augments  
  83  8:10  Zergling x2  
  83  8:11  Zergling x10  
  85  8:25  Zergling x10  
  89  8:29  Overlord x2  
  89  8:37  Queen  
  89  8:38  Infestation Pit  
  89  8:41  Drone x2  
  92  9:05  Hydralisk x2  
  92  9:06  Hydralisk x3  
  88  9:13  Zergling x2, Queen  
  88  9:14  Zergling x8  
  95  9:23  Drone x5  
  101  9:24  Drone  
  100  10:03  Nydus Network  
  97  10:14  Overseer  
  90  10:42  Zergling x2  
  89  10:43  Zergling x28  
  89  10:45  Overlord x4  
  103  11:03  Queen  
  105  11:05  Hydralisk  
  105  11:06  Hydralisk x14  
  130  11:26  Hydralisk  
  130  11:27  Hydralisk x2  
  131  11:41  Hydralisk  
  131  11:42  Hydralisk  
  132  11:57  Zergling x2  
  132  11:58  Zergling x16  
  132  11:59  Zergling x2  
  121  12:03  Zergling x4  
  121  12:10  Overseer x2  
  121  12:14  Overseer  
  119  12:17  Zergling x2  
  119  12:18  Zergling x6  
  123  12:31  Hive  
  123  12:32  Queen  
  117  13:08  Hydralisk, Queen  
  117  13:09  Hydralisk x2  
  121  13:13  Pneumatized Carapace  
  119  13:33  Zergling x2  
  119  13:34  Zergling x4  
  122  13:36  Hatchery  
  120  14:10  Hatchery  
Tags
 
Add a new tag
Caveats
  • Supply blocks, unpowered buildings, or Contaminate may cause inaccurate times.
  • Supply counts are checked every 10 seconds.